 Dungeon Crawl Stone Soup version 0.19-a0-895-gdbd5520 (webtiles) character file.

20 sixel the Insei (level 2, -1/18 HPs)
             Began as an Octopode Transmuter on July 5, 2016.
             Slain by a jackal (3 damage)
             ... on level 1 of the Dungeon.
             The game lasted 00:04:17 (378 turns).

sixel the Insei (Octopode Transmuter)                Turns: 378, Time: 00:04:18

Health: -1/18      AC:  1    Str:  9    XL:     2   Next: 79%
Magic:  5/5        EV: 12    Int: 15    God:
Gold:   42         SH:  0    Dex: 12    Spells: 1 memorised, 4 levels left

rFire  . . .     SeeInvis .     f - +0 dagger
rCold  . . .     Gourm    .     (no shield)
rNeg   . . .     Faith    .     (helmet restricted)
rPois  .         Spirit   .     (no amulet)
rElec  .         Dismiss  .     (no ring)
rCorr  .         Reflect  .     (no ring)
SustAt .         Harm     .     (no ring)
MR     .....                    (no ring)
Stlth  ++........               (no ring)
                                (no ring)
                                (no ring)
                                (no ring)

@: not resistant to hostile enchantments, unstealthy
A: almost no armour, amphibious, 8 rings, constrict 8, camouflage 1, gelatinous
body 1
a: no special abilities


You were on level 1 of the Dungeon.
You were not hungry.

You visited 1 branch of the dungeon, and saw 1 of its levels.

You collected 42 gold pieces.

Inventory:

Hand Weapons
 f - a +0 dagger (weapon)
Missiles
 a - 12 arrows
 h - 3 tomahawks (quivered)
Potions
 d - a potion of degeneration
 e - a potion of cure mutation
 g - a potion of heal wounds
 i - a potion of mutation {unknown}
Books
 b - a book of Changes

   Spells                             Type                      Level
   a - Beastly Appendage              Transmutation                1
   b - Sticks to Snakes               Transmutation                2
   c - Spider Form                    Transmutation/Poison         3
   d - Ice Form                       Ice/Transmutation            4
   e - Blade Hands                    Transmutation                5
Comestibles
 c - a bread ration
 j - 2 chunks of flesh


   Skills:
 + Level 1.0 Fighting
 + Level 0.4 Throwing
 + Level 2.2 Dodging
 + Level 3.5 Unarmed Combat
 + Level 2.1 Spellcasting
 + Level 2.0 Transmutations


You had 4 spell levels left.
You knew the following spells:

 Your Spells              Type           Power        Failure   Level  Hunger
a - Beastly Appendage     Tmut           #.....       12%         1    #......


Dungeon Overview and Level Annotations

Branches:
Dungeon (1/15)

Altars:


Innate Abilities, Weirdness & Mutations

You cannot wear most types of armour.
You are amphibious.
You can wear up to eight rings at the same time.
You can use your tentacles to constrict eight enemies at once.
Your skin changes colour to match your surroundings (Stealth+).
Your rubbery body absorbs attacks. (AC +1)


Message History

The jackal bites you. x2; The jackal completely misses you.
The jackal closely misses you.
You hit the jackal.
The jackal is severely wounded.
You constrict the jackal. The jackal barely misses you. The jackal bites you.
* * * LOW HITPOINT WARNING * * *
The jackal bites you.
* * * LOW HITPOINT WARNING * * *
The jackal barely misses you.
You constrict the jackal.
You kill the jackal!
The jackal bites you but does no damage.
The jackal barely misses you. The jackal closely misses you.
Drop what? 10/52 slots (_ for help) (? for menu, Esc to quit)
Okay, then.
Sorry, you're not good enough to have a special ability.
You hit the rat.
You kill the rat!
The jackal barely misses you. The jackal bites you.
You die...

#.......†..#
.........#..........#
.........+..........#
.........#..........#
(........#..........#
!........#..........#
.........#..........#
......h†h########'###
#@#########.#####.
#.......÷.........
############.##... .#
# .. #.. .## .. ##


You could see 2 jackals.

Vanquished Creatures
  An ooze (D:1)
  A giant cockroach (D:1)
  4 goblins (D:1)
  A hobgoblin (D:1)
  4 jackals (D:1)
  2 rats (D:1)
13 creatures vanquished.

Vanquished Creatures (others)
  7 toadstools (D:1)
7 creatures vanquished.

Grand Total: 20 creatures vanquished

Notes
Turn   | Place    | Note
-------+----------+-------------------------------------------
     0 | D:1      | sixel the Octopode Transmuter began the quest for the Orb.
     0 | D:1      | Reached XP level 1. HP: 13/13 MP: 3/3
   258 | D:1      | Reached XP level 2. HP: 14/18 MP: 5/5
   378 | D:1      | Slain by a jackal

Vault maps used:
D:1:      nagdon_arrival_double_spiral, minmay_misc_feat_columns

Action                   || total
-------------------------++-------
Melee: Unarmed           ||    22
       Constrict         ||     8
       Dagger            ||    11
       Tentacles         ||     4
       Punch             ||     1
Throw: Tomahawk          ||     5
  Use: Scroll            ||     5
       Potion            ||     1
 Stab: Sleeping          ||     1
Armor: Skin              ||     5
Dodge: Dodged            ||    32
